 Dungeon Crawl Stone Soup version 0.21.1-1-g345015fe64 (webtiles) character file.

8598 KamiKatze the Cleaver (level 11, -3/86 HPs)
             Began as a Formicid Fighter on Feb 26, 2018.
             Was a High Priest of Okawaru.
             Killed from afar by Josephine (8 damage)
             ... with a ghostly fireball
             ... on level 9 of the Dungeon.
             The game lasted 00:49:52 (11168 turns).

KamiKatze the Cleaver (Formicid Fighter)           Turns: 11168, Time: 00:49:53

Health: -3/86      AC: 12    Str: 24    XL:     11   Next: 58%
Magic:  13/13      EV: 10    Int:  8    God:    Okawaru [*****.]
Gold:   524        SH: 11    Dex: 10    Spells: 10/10 levels left

rFire    . . .     SeeInvis +   e - +0 flail
rCold    + . .     Gourm    .   c - +0 shield
rNeg     . . .     Faith    +   B - +3 scale mail
rPois    .         Spirit   .   (helmet unavailable)
rElec    .         Reflect  .   (no cloak)
rCorr    .         Harm     .   (no gloves)
MR       +....                  g - +1 pair of boots
Stlth    ..........             q - amulet of faith
HPRegen  0.24/turn              d - ring of protection from cold
MPRegen  0.13/turn              (no ring)

@: heavily drained
A: permanent stasis, dig shafts and tunnels, four strong arms, antennae 3
a: Dig, Shaft Self, Heroism, Finesse, Renounce Religion


You were on level 9 of the Dungeon.
You worshipped Okawaru.
Okawaru was extremely pleased with you.
You were not hungry.

You visited 3 branches of the dungeon, and saw 12 of its levels.

You collected 524 gold pieces.

Inventory:

Hand Weapons
 a - a +1 war axe of chopping
 e - a +0 flail (weapon)
 p - a +0 morningstar
 E - a +4 hand axe
 L - a +0 battleaxe
Missiles
 h - 339 stones
 n - 25 poisoned needles
 A - a throwing net
 C - 5 steel tomahawks (quivered)
 D - 11 tomahawks
Armour
 c - a +0 shield (worn)
 g - a +1 pair of boots (worn)
 s - a +0 large shield
 B - a +3 scale mail (worn)
 G - a +2 scale mail of fire resistance
 M - a +0 chain mail
 N - a +0 plate armour
Jewellery
 d - a ring of protection from cold (left hand)
 q - an amulet of faith (around neck)
Wands
 j - a wand of clouds (3)
 v - a wand of digging (13)
 y - a wand of iceblast (16)
Scrolls
 k - a scroll of fear
 o - 2 scrolls of fog {unknown}
 r - a scroll of brand weapon
 t - a scroll of magic mapping
 u - 5 scrolls of remove curse
 w - 3 scrolls of enchant armour
 x - 3 scrolls of identify
 z - a scroll of vulnerability {unknown}
 H - 2 scrolls of immolation
 K - a scroll of noise {unknown}
 O - a scroll of enchant weapon
Potions
 b - a potion of might
 i - a potion of flight
 l - a potion of resistance
 m - a potion of agility
Comestibles
 f - 18 rations
 I - 6 chunks of flesh


   Skills:
 + Level 8.1(6.0) Fighting
 * Level 11.3(9.0) Axes
 + Level 8.2(6.0) Armour
 - Level 3.0(1.1) Dodging
 + Level 10.0(7.8) Shields
 - Level 3.1(1.2) Invocations


You had 10 spell levels left.
You didn't know any spells.

Dungeon Overview and Level Annotations

Branches:
Dungeon (10/15)            Temple (1/1) D:5            Lair (1/6) D:9
    Orc: D:9-12

Altars:
Ashenzari
Cheibriados
Dithmenos
Elyvilon
Fedhas
Gozag
Hepliaklqana
Kikubaaqudgha
Makhleb
Nemelex Xobeh
Okawaru
Qazlal
Ru
Sif Muna
Trog
Uskayaw
Vehumet
Wu Jian
Xom
Yredelemnul
Zin
The Shining One

Shops:
D:9 *

Annotations:
D:8 come back here, Prince Ribbit
D:9 Josephine


Innate Abilities, Weirdness & Mutations

You cannot be hasted, slowed, berserked, paralysed or teleported.
You can dig through walls and to a lower floor.
Your four strong arms can wield two-handed weapons with a shield.
You have a pair of large antennae on your head. (SInv)


Message History

You hit Josephine.
Josephine is moderately wounded.
Josephine casts a spell at you.
The ghostly flame explodes!
The ghostly fireball engulfs you!
You feel drained.
* * * LOW HITPOINT WARNING * * *
The ghostly fireball engulfs Josephine.
Josephine completely resists.
You sock Josephine!
Josephine is moderately wounded.
Josephine hits you but does no damage.
Unknown command.
You feel better.
Josephine gestures at you while chanting.
The ghostly flame explodes!
The ghostly fireball engulfs you!
You feel drained.
* * * LOW HITPOINT WARNING * * *
The ghostly fireball engulfs Josephine.
Josephine completely resists.
You barely miss Josephine.
Josephine is moderately wounded.
Josephine gestures at you while chanting.
The ghostly flame explodes!
The ghostly fireball engulfs you!
You feel drained.
You die...

#.......#.# #.#[....##
#.#######.##### #.#.#.#.#.
#.....#...'...###...#...'.
#####.#.#.###[..#(########
#...#.#.#.# ###.([#..)..#
#.#.#.#.#.# ###.#.###.#
#.#.#.#.#.# #...#.#.#
#.###.#.#)# #####.#.#
#.....#.#@# #...#...#
#.#####.#@## #.#.#.###
#.....#..WW# #.#....<#
#######.##.## ###'#####
####..##..### #...#
#..####.....##########
#..##.........##..!..###
#..#........W..#..W>.'..
#....................###


You could see Josephine and 2 wraiths.

Vanquished Creatures
  3 two-headed ogres
  An ugly thing (D:10)
  2 trolls (D:9)
  2 hippogriffs
  3 wraiths
  A hungry ghost (D:8)
  3 wargs (D:9)
  An acid dragon (D:6)
  Duvessa (D:5)
  A water moccasin (D:8)
  2 orc warriors (D:9)
  2 black bears
  3 sky beasts
  An ice beast (D:7)
  A necrophage (D:7)
  5 ogres
  2 phantoms
  4 centaurs
  2 bullfrogs
  Dowan (D:5)
  A water moccasin skeleton (D:6)
  2 scorpions
  8 wights (D:9)
  3 howler monkeys (D:8)
  6 crimson imps
  A centaur zombie (D:6)
  4 hounds
  8 orc priests
  5 jellies
  A bullfrog skeleton (D:6)
  3 iguanas
  A centaur skeleton (D:6)
  Ijyb (D:5)
  Natasha (thrice) (D:3)
  9 orc wizards
  6 worker ants
  2 hound skeletons
  A howler monkey zombie (D:8)
  10 gnolls
  13 adders
  5 shadow imps
  5 oozes (D:8)
  2 adder skeletons (D:4)
  4 worms
  2 dart slugs (D:1)
  8 leopard geckos
  34 orcs
  4 ball pythons
  7 giant cockroaches
  11 goblins
  9 hobgoblins
  3 jackals (D:9)
  10 bats
  4 frilled lizards
  8 kobolds
  A quokka zombie (D:9)
  10 rats
  A fire vortex (D:9)
257 creatures vanquished.

Vanquished Creatures (others)
  An orc (D:9)
1 creature vanquished.

Grand Total: 258 creatures vanquished

Notes
Turn   | Place    | Note
-------+----------+-------------------------------------------
     0 | D:1      | KamiKatze the Formicid Fighter began the quest for the Orb.
     0 | D:1      | Reached XP level 1. HP: 18/18 MP: 1/1
    73 | D:1      | Reached XP level 2. HP: 23/24 MP: 2/2
   280 | D:1      | Reached XP level 3. HP: 23/29 MP: 3/3
  1027 | D:1      | Reached XP level 4. HP: 36/37 MP: 4/4
  1270 | D:2      | Reached skill level 3 in Axes
  1408 | D:2      | Reached XP level 5. HP: 42/42 MP: 5/5
  2302 | D:3      | Noticed Natasha
  2306 | D:3      | Killed Natasha
  2306 | D:3      | Reached skill level 4 in Axes
  2317 | D:3      | Noticed Natasha
  2328 | D:3      | Killed Natasha
  2328 | D:3      | Reached XP level 6. HP: 12/48 MP: 6/6
  2411 | D:3      | Noticed Natasha
  2754 | D:3      | Found a white marble altar of Elyvilon.
  2831 | D:3      | Found a basalt altar of Yredelemnul.
  2887 | D:3      | Reached skill level 5 in Axes
  2934 | D:3      | Killed Natasha
  3455 | D:4      | Reached XP level 7. HP: 43/54 MP: 7/7
  3571 | D:4      | Reached skill level 6 in Axes
  3784 | D:4      | Found a shadowy altar of Dithmenos.
  3924 | D:4      | Reached skill level 7 in Axes
  4789 | D:5      | Entered Level 5 of the Dungeon
  4789 | D:5      | Noticed Ijyb
  4793 | D:5      | Killed Ijyb
  4793 | D:5      | Reached skill level 1 in Dodging
  4793 | D:5      | Reached XP level 8. HP: 60/60 MP: 8/8
  5021 | D:5      | Noticed Duvessa
  5022 | D:5      | Noticed Dowan
  5109 | D:5      | Killed Duvessa
  5118 | D:5      | Killed Dowan
  5158 | D:5      | Found a staircase to the Ecumenical Temple.
  5163 | Temple   | Entered the Ecumenical Temple
  5179 | Temple   | Became a worshipper of Warmaster Okawaru
  5227 | D:5      | Reached skill level 5 in Shields
  6252 | D:6      | Reached skill level 5 in Armour
  6252 | D:6      | Reached XP level 9. HP: 67/67 MP: 9/9
  6290 | D:6      | Reached * piety under Okawaru
  6290 | D:6      | Reached skill level 5 in Fighting
  6290 | D:6      | Reached skill level 8 in Axes
  6761 | D:6      | Reached ** piety under Okawaru
  7155 | D:7      | Reached skill level 1 in Invocations
  7612 | D:8      | Reached skill level 9 in Axes
  7707 | D:8      | Reached *** piety under Okawaru
  7776 | D:8      | Noticed a two-headed ogre
  7910 | D:8      | Reached XP level 10. HP: 68/76 MP: 12/12
  8242 | D:8      | Killed a two-headed ogre
  8555 | D:8      | Noticed Prince Ribbit
  8633 | D:9      | Noticed a two-headed ogre
  8638 | D:9      | Reached **** piety under Okawaru
  8646 | D:9      | Killed a two-headed ogre
  8646 | D:9      | Reached ***** piety under Okawaru
  8646 | D:9      | Reached skill level 10 in Axes
  8728 | D:9      | Received a gift from Okawaru
  9448 | D:9      | Found Apates's General Store.
  9564 | D:9      | Reached XP level 11. HP: 84/84 MP: 13/13
  9818 | D:9      | Found a bloodstained altar of Trog.
  9844 | D:9      | Found a shattered altar of Ashenzari.
  9844 | D:9      | Found a sparkling altar of Nemelex Xobeh.
  9865 | D:9      | Found a burning altar of Makhleb.
  9865 | D:9      | Found an opulent altar of Gozag.
 10293 | D:9      | Found a staircase to the Lair.
 10548 | D:10     | Entered Level 10 of the Dungeon
 10586 | D:10     | Noticed a two-headed ogre
 10642 | D:10     | Noticed a white ugly thing
 10655 | D:9      | Reached skill level 11 in Axes
 10829 | D:10     | Killed a white ugly thing
 10970 | D:10     | Noticed Josephine
 11092 | Lair:1   | Entered Level 1 of the Lair of Beasts
 11092 | Lair:1   | Noticed a five-headed hydra
 11145 | D:9      | Killed a two-headed ogre
 11145 | D:9      | Reached skill level 10 in Shields
 11165 | D:9      | HP: 3/86 [Josephine/ghostly fireball (11)]
 11168 | D:9      | Killed from afar by Josephine

Skill      XL: |  1  2  3  4  5  6  7  8  9 10 11 |
---------------+----------------------------------+-----
Shields        | 4 5 6 9 10 | 10.0
Axes           | 3 4 5 7 9 10 11 | 11.3
Fighting       | 4 6 7 8 |  8.1
Armour         | 4 5 6 7 8 |  8.2
Dodging        | 1 3 |  3.0
Invocations    | 3 |  3.1

Action                   |  1- 3 |  4- 6 |  7- 9 | 10-12 || total
-------------------------+-------+-------+-------+-------++-------
Melee: War axe           |   110 |   236 |   389 |   319 ||  1054
       Flail             |       |       |       |    41 ||    41
Throw: Stone             |       |       |    10 |       ||    10
  Use: Scroll            |       |     7 |     9 |     2 ||    18
       Potion            |       |     2 |       |     5 ||     7
  Eat: Chunk             |       |     9 |     8 |     9 ||    26
       Ration            |       |       |     2 |     1 ||     3
Armor: Scale mail        |    56 |    95 |   120 |    96 ||   367
Dodge: Dodged            |    39 |    83 |   115 |   131 ||   368
Block: Shield            |    64 |   134 |   196 |   207 ||   601
